 Dungeon Crawl Stone Soup version 0.29-a0-214-g17f627cfee (webtiles) character file.

Game seed: 14935005326327733149

1742 spaghetti the Fighter (level 9, 0/66 HPs)
             Began as an Octopode Fighter on Feb 24, 2022.
             Was a Believer of Sif Muna.
             Succumbed to a water moccasin's poison
             ... on level 6 of the Dungeon.
             The game lasted 00:12:11 (7488 turns).

spaghetti the Fighter (Octopode Fighter)            Turns: 7488, Time: 00:12:11

Health: 0/66       AC:  1    Str: 21    XL:     9   Next: 5%
Magic:  25/25      EV: 13    Int: 14    God:    Sif Muna [**....]
Gold:   324        SH:  4    Dex: 12    Spells: 10/18 levels left

rFire   . . .      SeeInvis .   c - +2 falchion (freeze) {long}
rCold   . . .      Faith    .   b - +0 buckler
rNeg    . . .      Spirit   .   (helmet restricted)
rPois   .          Reflect  .   (no amulet)
rElec   .          Harm     .   o - +6 ring of strength
rCorr   .          Rampage  .   q - ring of magical power
Will    .....                   (no ring)
Stlth   ++........              (no ring)
HPRegen 0.21/turn               (no ring)
MPRegen 0.19/turn               (no ring)
                                (no ring)
                                (no ring)

@: lethally poisoned (0 -> -9), studying Crossbows
A: almost no armour, amphibious, 8 rings, camouflage 1, gelatinous body 1,
(nimble swimmer 1), tentacles
a: Renounce Religion, Channel Magic


You were on level 6 of the Dungeon.
You worshipped Sif Muna.
Sif Muna was pleased with you.
You visited 1 branch of the dungeon, and saw 7 of its levels.

You collected 324 gold pieces.


Innate Abilities, Weirdness & Mutations

You cannot wear most types of armour.
You are amphibious.
You can wear up to eight rings at the same time.
Your skin changes colour to match your surroundings (Stealth+).
Your rubbery body absorbs attacks. (AC +1, EV +1)
((You are camouflaged when in or above water. (Stealth+)))
You have tentacles for arms and can constrict up to eight enemies at once.


   Skills:
 + Level 8.1 Fighting
 - Level 2.0 Long Blades
 - Level 0.2 Throwing
 - Level 3.0 Dodging
 - Level 3.0 Shields
 - Level 5.0 Spellcasting
 - Level 4.1 Conjurations
 - Level 4.1 Air Magic


You had 10 spell levels left.
You knew the following spells:

 Your Spells              Type           Power      Damage    Failure   Level
a - Mephitic Cloud        Conj/Pois/Air  11%        N/A       22%         3
b - Freezing Cloud        Conj/Ice/Air   5%         6-21      90%         5

Your spell library contained the following spells:

 Spells                   Type           Power      Damage    Failure   Level
 Ignite Poison            Fire/Tmut/Pois 3%         N/A       56%         3
 Iskenderun's Battlesphe  Conj           15%        2d7       75%         5
 Fireball                 Conj/Fire      4%         3d4       95%         5
 Alistair's Intoxication  Tmut/Pois      2%         N/A       99%         5
 Summon Mana Viper        Hex/Summ       3%         N/A       99%         5
 Conjure Ball Lightning   Conj/Air       7%         3x3d6     100%        6
 Orb of Destruction       Conj           7%         9d6       100%        7
 Dragon's Call            Summ           1%         N/A       100%        9

Inventory:

Hand Weapons
 a - a +1 long sword {long}
 c - a +2 falchion of freezing (weapon) {long}
   (You took it off an orc on level 3 of the Dungeon)
Missiles
 g - 21 poisoned darts (quivered) {throwing}
 i - 119 stones {throwing}
 k - 2 curare-tipped darts {=fthrowing}
Armour
 b - a +0 buckler (worn)
Magical Staves
 m - a staff of cold {!astaff}
   (You found it on level 2 of the Dungeon)
Jewellery
 o - a +6 ring of strength (left tentacle)
   (You found it on level 4 of the Dungeon)
 q - a ring of magical power (right tentacle)
   (You found it on level 6 of the Dungeon)
Scrolls
 d - a scroll of silence {!r}
 f - 3 scrolls of amnesia
 j - a scroll of enchant armour
 l - a scroll of teleportation {@r4}
 n - 2 scrolls of identify {@r1}
 p - a scroll of fog
 r - a scroll of magic mapping {!r}

Dungeon Overview and Level Annotations

Branches:
Dungeon (7/15)             Temple (0/1) D:6

Altars:
Fedhas
Kikubaaqudgha
Qazlal
Sif Muna
Uskayaw
Zin

Shops:
D:2 (   D:5 :

Annotations:
D:3 exclusion: oklob plant

..#......# #.#.#.#### ..
#.....###### #.#
###.......... ####.#
###.....####.##. (.# ###
##gZ.....###>#.. .Z# ...
g.gg.........##.##.##.#..
#####....###.#...#P.....#
#..g.##(...>@...#.#
#......$.#...#..#.####.
####.######.###.#......
#...# #P.P......### #...#
#..##..##.#.## #...# #.##
##.......# #### #...# ##
#.......#.....# .....
#.####...#.....# .....
...#####.........#


There were no monsters in sight!


Message History

Your mp is fully restored (25).
You hit the bullfrog zombie. You grab the bullfrog zombie.
You squeeze the bullfrog zombie. You constrict the bullfrog zombie.
The bullfrog zombie closely misses you. The water moccasin bites you!
You are poisoned.
The water moccasin poisons you! 😮 HP[-8]
You take 8 damage, and now have 48/66 hp.
You feel better.
You constrict the bullfrog zombie. The bullfrog zombie hits you.
The water moccasin bites you. The bullfrog zombie hits you. 😮 HP[-5]
You take 5 damage, and now have 43/66 hp.
You slash the bullfrog zombie! You constrict the bullfrog zombie!
You destroy the bullfrog zombie!
Sif Muna accepts your kill. The water moccasin closely misses you.
The water moccasin misses you. 😮 HP[+1]
You barely miss the water moccasin. Your grab misses the water moccasin.
The water moccasin bites you!
You are poisoned.
The water moccasin poisons you!
The water moccasin closely misses you. 😮 HP[-9]
You take 9 damage, and now have 35/66 hp.
You miss the water moccasin. You grab the water moccasin.
You constrict the water moccasin.
You feel very sick. The water moccasin barely misses you.
The water moccasin bites you!
* * * LOW HITPOINT WARNING * * *
You are lethally poisoned!
The water moccasin poisons you! 😨 HP[-12]
You take 12 damage, and now have 23/66 hp.
You are lethally poisoned (23 -> 0).
You are studying Crossbows.
You have 3 tentacles available for constriction.
You are constricting a water moccasin.
Your movement speed is average.
Your attack delay is about 1.2.
Your base attributes are Str 15, Int 14, Dex 12.
You aren't carrying any items that you can evoke.
Okay, then.
Casting: Mephitic Cloud (dangerous; 22% risk of failure)
Confirm with . or Enter, or press ? or * to list all spells.
You don't know that spell.
Throw: 21 darts (poison) {throwing}
Press: ? - help, Q - select action, (/) - cycle Shift-Dir - straight line, f - water moccasin
Aim: a water moccasin (lightly wounded, constricted by you, 86% to hit)
Okay, then.
Okay, then.
Throw: throwing net {=f!fthrowing}
Press: ? - help, Shift-Dir - straight line, f - water moccasin
Aim: a water moccasin (lightly wounded, constricted by you, 86% to hit)
You throw a throwing net {=f!fthrowing}.
The throwing net {=f!fthrowing} barely misses the water moccasin.
You constrict the water moccasin.
* * * LOW HITPOINT WARNING * * *
You feel very sick. The water moccasin bites you.
* * * LOW HITPOINT WARNING * * *
😱 HP[-7]
You take 7 damage, and now have 16/66 hp.
You aren't carrying any potions.
You are lethally poisoned (16 -> -2).
You are studying Crossbows.
You have 3 tentacles available for constriction.
You are constricting a water moccasin.
Your movement speed is average.
Your attack delay is about 1.2.
Your base attributes are Str 15, Int 14, Dex 12.
Okay, then.
You aren't carrying any items that you can evoke.
Throw: 3 darts (curare) {=fthrowing}
Press: ? - help, Shift-Dir - straight line, f/p - water moccasin
Aim: a water moccasin (lightly wounded, constricted by you, 86% to hit)
You throw a curare-tipped dart {=fthrowing}.
The curare-tipped dart {=fthrowing} barely misses the water moccasin.
You constrict the water moccasin!
* * * LOW HITPOINT WARNING * * *
You feel very sick. You block the water moccasin's attack.
The water moccasin bites you.
* * * LOW HITPOINT WARNING * * *
😱 HP[-10]
You take 10 damage, and now have 6/66 hp.
Unknown command.
You are lethally poisoned (6 -> -8).
You are studying Crossbows.
You have 3 tentacles available for constriction.
You are constricting a water moccasin.
Your movement speed is average.
Your attack delay is about 1.2.
Your base attributes are Str 15, Int 14, Dex 12.
Unknown command.
Unknown command.
You hit the water moccasin but do no damage.
You constrict the water moccasin.
* * * LOW HITPOINT WARNING * * *
You feel very sick.
The water moccasin barely misses you. 😱 HP[-4]
You take 4 damage, and now have 2/66 hp.
You hit the water moccasin.
The water moccasin seems to slow down.
You freeze the water moccasin. You constrict the water moccasin!
You kill the water moccasin!
Sif Muna accepts your kill.
You die...

Skill      XL: |  1  2  3  4  5  6  7  8 |
---------------+-------------------------+-----
Fighting       | 4 5 6 8 |  8.1
Spellcasting   | 1 2 3 4 5 |  5.0
Conjurations   | 1 4 |  4.1
Air Magic      | 1 4 |  4.1
Long Blades    | |  2.0
Throwing       | |  0.2
Dodging        | |  3.0
Shields        | |  3.0

Action                   |  1- 3 |  4- 6 |  7- 9 || total
-------------------------+-------+-------+-------++-------
Melee: Long sword        |    57 |    22 |       ||    79
       Constrict         |    15 |    22 |    28 ||    65
       Tentacles         |     9 |    24 |    33 ||    66
       Punch             |     1 |       |     1 ||     2
       Falchion          |       |    79 |   113 ||   192
Throw: Stone             |     3 |       |       ||     3
       Dart              |       |       |    27 ||    27
       Boomerang         |       |       |     1 ||     1
       Throwing net      |       |       |     1 ||     1
 Cast: Mephitic Cloud    |       |       |     1 ||     1
  Use: Scroll            |     4 |     4 |     8 ||    16
       Potion            |       |     9 |     3 ||    12
 Stab: Sleeping          |     6 |     6 |       ||    12
Armor: Skin              |     8 |     9 |     6 ||    23
Dodge: Dodged            |    38 |    69 |    86 ||   193
Block: Buckler           |     9 |    27 |    28 ||    64

Levels and vault maps discovered:
D:1:      shiori_arrival_maze, layout_loops_ring, minivault_11, minmay_quantized
D:2:      layout_basic, basic_altar, serial_shops, nicolae_lakefront_shop,
          dreamdust_ecumenical_altar_grove, patterned_corridor
D:3:      minmay_thinvault, layout_loops_ring, tgw_fedhas,
          mainiacjoe_overflow_cross_hatched, kennysheep_potato
D:4:      layout_rooms
D:5:      kennysheep_kobold_camp, layout_rooms, dancing_weapons_uskayaw,
          mainiacjoe_overflow_concentric_impassable, serial_shops,
          nicolae_shop_advertising_works [nicolae_subvault_shop_adworks]
D:6:      layout_loops_cross, mainiacjoe_overflow_catwalk,
          mainiacjoe_overflow_chevrons, lemuel_coloured_pillars_altar,
          minmay_temple_entry_gardened_gates, ebering_ghost_sewer_d,
          uniq_grinder, uniq_crazy_yiuf_cottage
D:7:      layout_cave_pools, lemuel_round_altar, marbit_many_paths,
          enter_bailey_3, serial_undead, serial_undead_d, serial_undead_b,
          serial_undead_c, serial_undead_e, serial_undead_a

Notes
Turn   | Place    | Note
-------+----------+-------------------------------------------
     0 | D:1      | spaghetti the Octopode Fighter began the quest for the Orb.
     0 | D:1      | Reached XP level 1. HP: 16/16 MP: 1/1
     0 | D:1      | magus.rc [v1.9.6]
   269 | D:1      | Reached XP level 2. HP: 21/21 MP: 2/2
   271 | D:1      | You add the spells Ignite Poison, Mephitic Cloud and
                  | Freezing Cloud to your library.
   835 | D:1      | Reached skill level 4 in Fighting
   987 | D:2      | Found a shimmering blue altar of Sif Muna.
  1008 | D:2      | Reached XP level 3. HP: 27/27 MP: 3/3
  1016 | D:2      | Became a worshipper of Sif Muna the Loreminder
  1384 | D:2      | Found Kiaprij's Antique Weapon Shoppe.
  1512 | D:2      | Found a faded altar of an unknown god.
  1526 | D:2      | You fall into a shaft and drop 2 floors!
  1537 | D:3      | Reached skill level 1 in Spellcasting
  1537 | D:3      | Reached XP level 4. HP: 25/34 MP: 3/5
  2056 | D:3      | Found a glowing silver altar of Zin.
  2075 | D:3      | Noticed a water moccasin
  2086 | D:3      | Killed a water moccasin
  2087 | D:3      | Reached skill level 5 in Fighting
  2087 | D:3      | Reached skill level 2 in Spellcasting
  2087 | D:3      | Reached XP level 5. HP: 13/39 MP: 6/8
  2698 | D:3      | You pick up a book of the Spheres and begin reading...
  2698 | D:3      | You add the spells Iskenderun's Battlesphere, Fireball,
                  | Conjure Ball Lightning and Orb of Destruction to your
                  | library.
  2976 | D:3      | Reached * piety under Sif Muna
  3272 | D:3      | Reached skill level 3 in Spellcasting
  3272 | D:3      | Reached XP level 6. HP: 26/45 MP: 10/10
  3779 | D:3      | Found a blossoming altar of Fedhas.
  3812 | D:3      | Noticed an oklob plant
  4446 | D:5      | Entered Level 5 of the Dungeon
  4452 | D:5      | Reached skill level 6 in Fighting
  4495 | D:5      | Reached skill level 4 in Spellcasting
  4495 | D:5      | Reached XP level 7. HP: 52/52 MP: 11/13
  4525 | D:5      | Found a stormy altar of Qazlal.
  5087 | D:5      | Reached ** piety under Sif Muna
  5199 | D:5      | Learned a level 3 spell: Mephitic Cloud
  5209 | D:5      | Learned a level 5 spell: Freezing Cloud
  5214 | D:5      | Found Lenwean's Book Shoppe.
  5239 | D:5      | Reached skill level 1 in Conjurations
  5239 | D:5      | Reached skill level 1 in Air Magic
  5545 | D:5      | HP: 11/53 [something (5)]
  5546 | D:5      | HP: 2/53 [something (5)]
  5924 | D:5      | Noticed a +0 hand axe
  5924 | D:5      | Noticed a +0 dagger
  5927 | D:5      | Found a hide-covered altar of Uskayaw.
  5938 | D:5      | Reached XP level 8. HP: 55/58 MP: 15/15
  5966 | D:5      | Reached skill level 7 in Fighting
  6169 | D:5      | Reached skill level 5 in Spellcasting
  6696 | D:6      | Noticed Grinder
  6706 | D:6      | Paralysed by Grinder for 7 turns
  6717 | D:6      | Killed Grinder
  6718 | D:6      | Reached skill level 2 in Conjurations
  6718 | D:6      | Reached skill level 2 in Air Magic
  6862 | D:6      | You add the spells Summon Mana Viper, Alistair's
                  | Intoxication and Dragon's Call to your library.
  6862 | D:6      | Got Sif Muna's Incunabulum of Poison and Calling
  6876 | D:6      | Found a staircase to the Ecumenical Temple.
  7195 | D:7      | Found an ancient bone altar of Kikubaaqudgha.
  7218 | D:7      | Reached skill level 3 in Conjurations
  7218 | D:7      | Reached skill level 3 in Air Magic
  7229 | D:7      | Noticed a troll
  7235 | D:7      | Killed a troll
  7246 | D:7      | Reached skill level 8 in Fighting
  7480 | D:6      | Reached skill level 4 in Conjurations
  7480 | D:6      | Reached skill level 4 in Air Magic
  7480 | D:6      | Reached XP level 9. HP: 56/66 MP: 16/16
  7485 | D:6      | HP: 16/66 [water moccasin (2)]
  7486 | D:6      | HP: 6/66 [water moccasin (6)]
  7487 | D:6      | HP: 2/66 [poisoned by a water moccasin]
  7488 | D:6      | Succumbed to a water moccasin's poison

Vanquished Creatures
  A troll (D:7)
  Grinder (D:6)
  2 water moccasins
  A black bear (D:5)
  A necrophage (D:6)
  An ogre (D:5)
  A kobold brigand (D:5)
  2 bullfrogs (D:7)
  A wyvern skeleton (D:5)
  A water moccasin zombie (D:3)
  2 wights (D:7)
  A bullfrog zombie (D:6)
  An orc priest (D:5)
  2 bullfrog skeletons
  4 hounds
  2 jellies (D:5)
  A centaur skeleton (D:4)
  An iguana (D:5)
  An orc wizard (D:5)
  A hound skeleton (D:3)
  A hound zombie (D:5)
  2 gnolls (D:6)
  3 adders (D:3)
  A shadow imp (D:7)
  A white imp (D:7)
  2 worms
  An adder skeleton (D:4)
  19 orcs
  10 ball pythons
  9 endoplasms
  3 giant cockroaches
  5 goblins
  4 hobgoblins
  6 jackals
  3 quokkas
  4 bats
  2 frilled lizards
  28 kobolds
  7 rats
139 creatures vanquished.

Vanquished Creatures (others)
  A sky beast (D:5)
  30 fungi
  127 plants
  16 toadstools (D:3)
174 creatures vanquished.

Grand Total: 313 creatures vanquished

Table legend:
 A = Non-vault XP
 B = Vault XP
 C = Vault XP percentage of total XP
 D = Non-vault monster count
 E = Vault monster count
 F = Vault count percentage of total count
                 A         B        C        D         E       F
            +---------+---------+-------+---------+---------+-------
      Total |    1783 |     853 |  32.4 |      92 |      47 |  33.8
            +---------+---------+-------+---------+---------+-------
        D:1 |      23 |       7 |  23.3 |      13 |       4 |  23.5
        D:2 |      24 |       0 |   0.0 |      12 |       0 |   0.0
        D:3 |     172 |     217 |  55.8 |      23 |      18 |  43.9
        D:4 |     106 |       0 |   0.0 |      12 |       0 |   0.0
        D:5 |     690 |     121 |  14.9 |      21 |      21 |  50.0
        D:6 |     221 |     396 |  64.2 |       4 |       2 |  33.3
        D:7 |     547 |     112 |  17.0 |       7 |       2 |  22.2
            +---------+---------+-------+---------+---------+-------

Illustrated notes

Table legend:
 A = Kills in this place as a percentage of kills in entire the game.
 B = Kills by you in this place as a percentage of kills by you in the entire game.
 C = Kills by friends in this place as a percentage of kills by friends in the entire game.
 D = Other kills in this place as a percentage of other kills in the entire game.
 E = Experience gained in this place as a percentage of experience gained in the entire game.
 F = Experience gained in this place divided by the number of levels of this place that you have seen.
                   A       B       C       D       E      F
               +-------+-------+-------+-------+-------+----------------------
         Total | 100.0 | 100.0 |   N/A | 100.0 | 100.0 | 376.6
       Dungeon | 100.0 | 100.0 |   N/A | 100.0 | 100.0 | 376.6
               +-------+-------+-------+-------+-------+----------------------

Table legend: (Time is in decaauts)
 A = Elapsed time spent in this place.
 B = Non-inter-level travel time spent in this place.
 C = Inter-level travel time spent in this place.
 D = Time resting spent in this place.
 E = Time spent auto-exploring this place.
 F = Levels seen in this place.
 G = Mean time per level.
                   A        B        C        D        E       F      G
               +--------+--------+--------+--------+--------+-----+--------+
         Total |   7543 |   7377 |    166 |   2154 |   4197 |   7 | 1077.6 |
       Dungeon |   7543 |   7377 |    166 |   2154 |   4197 |   7 | 1077.6 |
               +--------+--------+--------+--------+--------+-----+--------+

Top non-repeatable levels by time:
     D:5: 2260 daAuts
     D:3: 2104 daAuts
     D:1: 989 daAuts
     D:2: 836 daAuts
     D:4: 541 daAuts
     D:6: 438 daAuts
     D:7: 373 daAuts
